 Dungeon Crawl Stone Soup version 0.20-a0-513-g02c11fc (webtiles) character file.

154 anuswrecked the Magician (level 5, 0/37 HPs)
             Began as a Mummy Conjurer on Jan 22, 2017.
             Slain by a hobgoblin
             ... wielding a +0 club
             ... led by Robin
              (2 damage)
             ... on level 2 of the Dungeon.
             The game lasted 00:09:36 (2558 turns).

anuswrecked the Magician (Mummy Conjurer)           Turns: 2558, Time: 00:09:37

Health: 0/37       AC:  3    Str: 13    XL:     5   Next: 13%
Magic:  9/10       EV: 12    Int: 14    God:
Gold:   108        SH:  0    Dex: 12    Spells: 7/11 levels left

rFire    x . .     SeeInvis .   d - +0 trident
rCold    + . .     Gourm    .   e - +0 leather armour
rNeg     + + +     Faith    .   (no shield)
rPois    ∞         Spirit   .   (no helmet)
rElec    .         Reflect  .   (no cloak)
rCorr    .         Harm     .   (no gloves)
MR       .....                  (no boots)
Stlth    +.........             (no amulet)
Regen    0.2/turn               (no ring)
                                (no ring)

@: no status effects
A: no food or potions, fire vulnerability, cold resistance 1, negative energy
resistance 3, torment resistance, unbreathing
a: no special abilities


You were on level 2 of the Dungeon.
You were not hungry.

You visited 1 branch of the dungeon, and saw 4 of its levels.

You collected 108 gold pieces.

Inventory:

Hand Weapons
 d - a +0 trident (weapon)
Armour
 a - a +0 robe
 e - a +0 leather armour (worn)
Wands
 f - a wand of paralysis (5/24)
Books
 b - a book of Conjurations

   Spells                             Type                      Level
   a - Magic Dart                     Conjuration                  1
   b - Searing Ray                    Conjuration                  2
   c - Dazzling Spray                 Conjuration/Hexes            3
   d - Fulminant Prism                Conjuration/Hexes            4
   e - Iskenderun's Mystic Blast      Conjuration                  4
   f - Iskenderun's Battlesphere      Conjuration/Charms           5


   Skills:
 + Level 1.6 Fighting
 * Level 0.2 Polearms
 * Level 2.0 Armour
 + Level 2.2 Dodging
 - Level 1.5 Stealth
 + Level 3.8 Spellcasting
 * Level 3.6 Conjurations


You had 7 spell levels left.
You knew the following spells:

 Your Spells              Type           Power        Failure   Level  Hunger
a - Magic Dart            Conj           ##..         8%          1    N/A
b - Dazzling Spray        Conj/Hex       #.....       38%         3    N/A

Dungeon Overview and Level Annotations

Branches:
Dungeon (4/15)
 Temple: D:4-7

Altars:
Hepliaklqana
Uskayaw

Annotations:
D:3 Robin


Innate Abilities, Weirdness & Mutations

You do not eat or drink.
Your flesh is vulnerable to fire.
You are immune to poison.
Your flesh is cold resistant. (rC+)
You are immune to negative energy. (rN+++)
You are immune to unholy pain and torment.
You can survive without breathing.


Message History

The goblin goes into a battle-frenzy!
A goblin comes into view.
The kobold hits you with a club.
* * * LOW HITPOINT WARNING * * *
Robin throws the goblin at you!
There is a stone staircase leading up here.
Okay, then.
You can't drink.
The hobgoblin misses you. The kobold misses you. The goblin closely misses you.
You climb upwards.
There is a stone staircase leading down here.
Casting: Magic Dart
Confirm with . or Enter, or press ? or * to list all spells.
Aiming: Magic Dart
Press: ? - help, Shift-Dir - straight line, f - goblin
Aim: a goblin, wielding a dagger (unusually strong)
The magic dart hits the goblin.
The goblin is severely wounded.
The hobgoblin hits you with a club.
You die...

### #.#####.#.###...# #.#%.#.#
#.#####.#..###'## #.#..+.+
#....##.##.##...# #.#'##.# ##
####.##.##.##...# #....... .##
#.##.##..#...# #.#'##.# ..####
#.##.###.#...# #.#..#.#
#....###†##........## #.#..'.'
...#.....#######g#########.####(#
##.####...### #@K....#..#.......
#.# ##....####g###.##..#.####.#
#.# #.##....#.# #.##..#.#..#.#
#.# #.#####...###.##..#.#..'.+
########.# ###.........#.####.#
...##....# ###.......#.......
##.##.##############.....########
#.##.............................
.##.#.######.#####..†.........##.


You could see a hobgoblin, a goblin and a kobold.

Vanquished Creatures
  8 adders
  4 worms
  A dart slug (D:1)
  4 leopard geckos (D:2)
  3 orcs
  A ball python (D:1)
  6 giant cockroaches
  11 goblins
  3 hobgoblins
  A jackal (D:2)
  5 bats
  2 frilled lizards
  5 kobolds
  6 rats
60 creatures vanquished.

Notes
Turn   | Place    | Note
-------+----------+-------------------------------------------
     0 | D:1      | anuswrecked the Mummy Conjurer began the quest for the Orb.
     0 | D:1      | Reached XP level 1. HP: 13/13 MP: 4/4
   213 | D:1      | Reached XP level 2. HP: 19/19 MP: 1/6
   932 | D:2      | Reached XP level 3. HP: 23/25 MP: 1/7
  1017 | D:2      | Reached skill level 1 in Armour
  1117 | D:2      | Found a hide-covered altar of Uskayaw.
  1127 | D:2      | Reached skill level 1 in Fighting
  1255 | D:2      | Found a hazy altar of Hepliaklqana.
  1484 | D:2      | Reached XP level 4. HP: 27/32 MP: 2/9
  1990 | D:2      | Learned a level 3 spell: Dazzling Spray
  2357 | D:3      | Reached XP level 5. HP: 11/37 MP: 2/10
  2429 | D:3      | Noticed Robin
  2558 | D:2      | Slain by a hobgoblin

Vault maps used:
D:1:      dpeg_arrival_shelter, minmay_stone_trees_small
D:2:      minmay_door_path, marbit_many_paths, nicolae_overflow_crystal_walls,
          first_bread
D:3:      gup_sewer_entry_spiral, uniq_robin
D:4:      lightli_temple_of_fire, uniq_purgy, uniq_pikel

Skill      XL: |  1  2  3  4  5 |
---------------+----------------+-----
Spellcasting   | 3 |  3.8
Armour         | 1 2 |  2.0
Fighting       | 1 |  1.6
Dodging        | 2 |  2.2
Polearms       | |  0.2
Stealth        | |  1.5
Conjurations   | |  3.6

Action                   |  1- 3 |  4- 6 || total
-------------------------+-------+-------++-------
Melee: Unarmed           |    16 |       ||    16
       Spear             |    46 |    88 ||   134
       Trident           |       |    14 ||    14
 Cast: Magic Dart        |    57 |    58 ||   115
       Dazzling Spray    |       |     1 ||     1
  Use: Scroll            |       |     1 ||     1
 Stab: Sleeping          |     3 |     2 ||     5
Armor: Robe              |    10 |       ||    10
       Leather armour    |       |    17 ||    17
Dodge: Dodged            |    39 |    95 ||   134
